 Dungeon Crawl Stone Soup version 0.18.1-5-g4a78601 (webtiles) character file.

3803 epen the Basher (level 10, -8/62 HPs)
             Began as a Gargoyle Gladiator on May 13, 2016.
             Was a Priest of Makhleb.
             Killed from afar by a gargoyle (20 damage)
             ... with a stone arrow
             ... on level 9 of the Dungeon.
             The game lasted 00:18:20 (7506 turns).

epen the Basher (Gargoyle Gladiator)                Turns: 7506, Time: 00:18:26

Health: -8/62      AC: 28    Str: 21    XL:     10   Next: 17%
Magic:  13/13      EV:  8    Int: 12    God:    Makhleb [***...]
Gold:   595        SH:  0    Dex: 10    Spells: 0 memorised, 9 levels left

rFire  . . .     SeeInvis .     D - +0 morningstar
rCold  + . .     Gourm    .     p - +0 plate armour
rNeg   + + .     Faith    .     (no shield)
rPois  ∞         Spirit   .     c - +0 helmet
rElec  +         Dismiss  .     r - +2 cloak
rCorr  +         Reflect  .     L - +0 pair of gloves "Pyanoalown" {MR+ rCorr}
SustAt .         Harm     .     C - +0 pair of boots
MR     +....                    (no amulet)
Stlth  ..........               I - +1 ring of protection
                                t - ring of positive energy

@: somewhat resistant to hostile enchantments, extremely unstealthy
A: rugged brown scales 1, clever 1, cold resistance 1, negative energy
resistance 1, electricity resistance, unbreathing, petrification resistance, rot
immunity, AC +7
a: Minor Destruction, Lesser Servant of Makhleb, Renounce Religion


You were on level 9 of the Dungeon.
You worshipped Makhleb.
Makhleb was most pleased with you.
You were hungry.

You visited 1 branch of the dungeon, and saw 9 of its levels.

You collected 595 gold pieces.

Inventory:

Hand Weapons
 a - a +0 flail
 h - a +1 whip of freezing
 D - a +0 morningstar (weapon)
Missiles
 d - 3 throwing nets (quivered)
Armour
 b - a +0 leather armour
 c - a +0 helmet (worn)
 k - a +0 ring mail
 n - a +0 scale mail
 o - a +0 cloak
 p - a +0 plate armour (worn)
 r - a +2 cloak (worn)
 B - a +0 pair of gloves
 C - a +0 pair of boots (worn)
 L - the +0 pair of gloves "Pyanoalown" (worn) {MR+ rCorr}
   (You found it on level 9 of the Dungeon)

   It affects your resistance to hostile enchantments.
   It protects you from acid and corrosion.
 M - a +0 chain mail
Magical Staves
 E - an uncursed staff of power
Jewellery
 e - an uncursed ring of wizardry
 l - an uncursed ring of magical power
 t - a ring of positive energy (left hand)
 x - an uncursed ring of resist corrosion
 A - an uncursed ring of fire
 I - a +1 ring of protection (right hand)
Wands
 g - a wand of slowing (25/48)
 P - a wand of digging (5/24)
Scrolls
 i - 4 scrolls of recharging
 m - 2 scrolls of fear
 v - 3 scrolls of identify
 w - 2 scrolls of magic mapping
 y - a scroll of fog
Potions
 j - 2 potions of curing
 q - a potion of heal wounds
 s - a potion of cure mutation
 z - 2 potions of flight
 G - 2 potions of brilliance
 O - a potion of resistance {unknown}
Books
 J - a book of Misfortune

   Spells                             Type                      Level
   a - Confusing Touch                Hexes                        2
   b - Confuse                        Hexes                        3
   c - Gell's Gravitas                Hexes/Translocation          3
   d - Petrify                        Transmutation/Earth          4
   e - Metabolic Englaciation         Hexes/Ice                    5
   f - Yara's Violent Unravelling     Hexes/Transmutation          5
 K - a Young Poisoner's Handbook

   Spells                             Type                      Level
   a - Sting                          Conjuration/Poison           1
   b - Cure Poison                    Poison                       2
   c - Mephitic Cloud                 Conjuration/Poison/Air       3
   d - Olgreb's Toxic Radiance        Poison                       4
   e - Venom Bolt                     Conjuration/Poison           5
 N - a book of the Tempests

   Spells                             Type                      Level
   a - Static Discharge               Conjuration/Air              3
   b - Lightning Bolt                 Conjuration/Air              5
   c - Fireball                       Conjuration/Fire             5
   d - Tornado                        Air                          9
   e - Shatter                        Earth                        9
Comestibles
 f - 11 bread rations
 u - 5 meat rations
 F - 2 slices of pizza
 H - a beef jerky


   Skills:
 + Level 6.4 Fighting
 * Level 8.3 Maces & Flails
 - Level 1.7 Throwing
 + Level 5.4 Armour
 * Level 7.4 Dodging
 * Level 4.4 Invocations


You had 9 spell levels left.
You didn't know any spells.

Dungeon Overview and Level Annotations

Branches:
Dungeon (9/15)             Temple (0/1) D:6
   Lair: D:8-11         Orc: D:9-12

Altars:
Ashenzari
Cheibriados
Dithmenos
Elyvilon
Fedhas
Makhleb
Okawaru
Pakellas
Qazlal
Sif Muna
Trog
Yredelemnul
Zin
The Shining One

Shops:
D:6 !   D:7 *

Annotations:
D:9 Maurice


Innate Abilities, Weirdness & Mutations

You are resistant to torment.
Your stone body is resilient (AC +7).
You are immune to poison.
You resist negative energy.
You are resistant to electric shocks.
You can survive without breathing.
You are immune to petrification.
You are immune to rotting.
You are partially covered in rugged brown scales (AC +1, +3% HP).
Your mind is acute. (Int +2)
Your flesh is cold resistant.


Message History

The orc warrior looks frightened!
The orc looks frightened!
The centaur zombie is unaffected.
The gargoyle is unaffected.
You hear some strange, mumbled words.
The orc gibbers meaninglessly.
Your orange demon stings the orange demon.
Your orange demon hits the orange demon!
The orange demon looks weaker.
The orange demon closely misses your orange demon.
The orange demon hits your orange demon.
Your orange demon looks weaker.
An orc priest comes into view. It is wielding a club.
Unknown command.
Your orange demon stings the gargoyle but does no damage.
Something stings your orange demon.
Your orange demon looks even sicker.
Something poisons your orange demon! Something hits your orange demon.
Your orange demon barely misses the gargoyle.
The gargoyle hurls a stone arrow at you.
The stone arrow hits you!
You die...

.........(..................
.............................
...........).....P.P.P.P.P.P.P
...............................
...............................
.Y...Y....................#....
....Y..................>.......
.....Z.........................
....Y.........@................
#..Y...Z#....###....#........
##.(.4.###...# .. ###...<.<)
#......§#§9..### #.....<.†
.......$..4§§...... .........
.........§§§§....... .........
........o........... .........
.................... ....#....
.................... ...###...


You could see a gargoyle, a centaur zombie and a friendly orange demon.

Vanquished Creatures
  Pikel (D:4)
  A spriggan (D:7)
  2 black bears
  A sky beast (D:7)
  An orc warrior (D:6)
  An eye of draining (D:8)
  3 ice beasts
  5 ogres
  3 centaurs
  The ghost of IjonTichy1 the Charlatan, an amateur OpAr (D:3)
  A wyvern zombie (D:7)
  3 giant frogs
  3 howler monkeys
  3 crimson imps
  A quasit (D:9)
  A centaur skeleton (D:5)
  A giant frog zombie (D:6)
  3 hounds
  6 orc wizards
  11 orc priests
  3 jellies
  2 iguanas
  6 worker ants
  A howler monkey zombie (D:8)
  2 worker ant zombies
  A howler monkey skeleton (D:8)
  7 adders
  2 shadow imps
  An adder skeleton (D:4)
  6 worms
  A dart slug (D:4)
  5 giant geckos
  22 orcs
  8 bats
  7 giant cockroaches
  11 goblins
  8 hobgoblins
  8 jackals
  10 kobolds
  2 quokkas
  A ball python (D:2)
  4 giant newts
  A quokka skeleton (D:4)
  9 rats
180 creatures vanquished.

Vanquished Creatures (others)
  An orc warrior (D:6)
1 creature vanquished.

Grand Total: 181 creatures vanquished

Notes
Turn   | Place    | Note
--------------------------------------------------------------
     0 | D:1      | epen the Gargoyle Gladiator began the quest for the Orb.
     0 | D:1      | Reached XP level 1. HP: 12/12 MP: 1/1
   162 | D:1      | Reached XP level 2. HP: 18/18 MP: 2/2
   534 | D:1      | Reached XP level 3. HP: 19/22 MP: 3/3
   942 | D:2      | Reached XP level 4. HP: 18/27 MP: 4/4
  1196 | D:2      | Reached skill level 1 in Armour
  1350 | D:2      | Found a snail-covered altar of Cheibriados.
  1351 | D:2      | Found a blossoming altar of Fedhas.
  1636 | D:3      | Noticed IjonTichy1's ghost (amateur OpAr)
  1637 | D:3      | Reached skill level 4 in Maces & Flails
  1647 | D:3      | Reached XP level 5. HP: 31/31 MP: 5/5
  1733 | D:3      | Found a white marble altar of Elyvilon.
  1735 | D:3      | Found a basalt altar of Yredelemnul.
  1816 | D:3      | Found a stormy altar of Qazlal.
  1819 | D:3      | Found a shattered altar of Ashenzari.
  1836 | D:3      | Killed IjonTichy1's ghost
  2089 | D:4      | Found a shadowy altar of Dithmenos.
  2096 | D:4      | Found a glowing golden altar of the Shining One.
  2097 | D:4      | Found a deep blue altar of Sif Muna.
  2098 | D:4      | Found an iron altar of Okawaru.
  2109 | D:4      | Reached XP level 6. HP: 36/37 MP: 6/6
  2110 | D:4      | Found a burning altar of Makhleb.
  2116 | D:4      | Found a glowing silver altar of Zin.
  2120 | D:4      | Found a bloodstained altar of Trog.
  2123 | D:4      | Became a worshipper of Makhleb the Destroyer
  2709 | D:5      | Entered Level 5 of the Dungeon
  2771 | D:5      | Noticed Pikel
  2772 | D:5      | Noticed a slave
  2772 | D:5      | Noticed a slave
  2773 | D:5      | Noticed a slave
  2773 | D:5      | Noticed a slave
  2867 | D:4      | Killed Pikel
  2867 | D:4      | Reached skill level 5 in Maces & Flails
  2867 | D:4      | Reached XP level 7. HP: 24/43 MP: 7/7
  3132 | D:5      | Reached skill level 5 in Dodging
  3146 | D:5      | Reached XP level 8. HP: 48/48 MP: 8/8
  3248 | D:5      | Reached skill level 6 in Maces & Flails
  3332 | D:5      | Reached * piety under Makhleb
  3864 | D:6      | Reached skill level 5 in Fighting
  4193 | D:6      | Found a staircase to the Ecumenical Temple.
  4843 | D:6      | Reached skill level 7 in Maces & Flails
  4843 | D:6      | Reached XP level 9. HP: 13/54 MP: 9/9
  5086 | D:6      | Found Zeobleve's Distillery.
  5224 | D:6      | Gained mutation: Your flesh is cold resistant. [potion of mutation]
  5224 | D:6      | Gained mutation: Your mind is acute. (Int +2) [potion of mutation]
  5224 | D:6      | Gained mutation: You are partially covered in rugged brown scales (AC +1, +3% HP). [potion of mutation]
  5241 | D:7      | Reached skill level 1 in Invocations
  5268 | D:7      | Found Kaammir's General Store.
  5304 | D:7      | Reached ** piety under Makhleb
  5479 | D:7      | Found an oddly glowing altar of Pakellas.
  5997 | D:8      | Reached skill level 5 in Armour
  6828 | D:8      | Reached *** piety under Makhleb
  6828 | D:8      | Reached skill level 8 in Maces & Flails
  7046 | D:8      | Reached XP level 10. HP: 42/61 MP: 12/12
  7313 | D:9      | Got a pair of steaming gloves
  7325 | D:9      | Identified the +0 pair of gloves "Pyanoalown" {MR+ rCorr} (You found it on level 9 of the Dungeon)
  7493 | D:9      | Noticed Maurice
  7496 | D:9      | Noticed a gargoyle
  7499 | D:9      | Noticed an orange demon
  7506 | D:9      | Killed from afar by a gargoyle

Skill      XL: |  1  2  3  4  5  6  7  8  9 10 |
---------------+-------------------------------+-----
Dodging        | 3 4 5 6 7 |  7.4
Armour         | 1 3 4 5 |  5.4
Maces & Flails | 4 5 7 8 |  8.3
Fighting       | 3 4 5 6 |  6.4
Invocations    | 3 4 |  4.4
Throwing       | |  1.7

Action                   |  1- 3 |  4- 6 |  7- 9 | 10-12 || total
-------------------------+-------+-------+-------+-------++-------
Melee: Flail             |   122 |   274 |       |       ||   396
       Whip              |       |       |   116 |       ||   116
       Morningstar       |       |       |   527 |    95 ||   622
Throw: Throwing net      |       |       |     9 |     2 ||    11
Invok: Minor Destruction |       |       |     4 |       ||     4
       Lesser Servant of |       |       |       |     2 ||     2
  Use: Scroll            |     3 |    10 |     5 |     2 ||    20
       Potion            |       |       |     4 |       ||     4
 Stab: Held in net/web   |       |       |     2 |       ||     2
  Eat: Chunk             |       |     7 |    14 |     2 ||    23
Armor: Leather armour    |    11 |       |       |       ||    11
       Scale mail        |    69 |   198 |    98 |       ||   365
       Ring mail         |     4 |       |       |       ||     4
       Chain mail        |       |       |   218 |       ||   218
       Plate armour      |       |       |   104 |    94 ||   198
Dodge: Dodged            |    77 |   157 |   291 |    50 ||   575
